Unix xNetHack Version 7.1.0 - last build Dec 11 2022 15:18:36 (91bc4d2507b4b34ac92889b06d50a936f6bde808). Game began 2023-01-01 22:25:31, ended 2023-01-03 22:36:24. UristMcRaven, chaotic female elven Wizard ------- ------------- |.....| ####.0..)...>...| |......*## |[..........| |.....| |)..........| -----)- |..)........|############ .... +# % |)[.........|# ----.-- ....(|## # -)-----------# |.)...| %.))..#### ## #)0########### |.....| -- % # ######### ##) ##......| @ --|------ ## # |..<..| ###........| ## ##### |.....| |....^..-######## #### # |.....| |.......| # ----|----### ------- |.......| ###|~....[..# |.......| )-..)..%.| --------- |.......| --------- UristMcRaven the Magician St:18 Dx:12 Co:16 In:20 Wi:18 Ch:11 Chaotic Dlvl:18 $:0 HP:0(82) Pw:159(179) AC:-8 Xp:12/20929 T:35315 Satiated Burdened Latest messages: The soldier wields a dagger! In what direction? The magic missile hits the lieutenant! The magic missile hits the soldier! The lieutenant swings his long sword. The lieutenant lacerates you! You recoil from the touch of iron! The lieutenant swings his long sword. The lieutenant hacks you! You recoil from the touch of iron! You hit the lieutenant! The lieutenant swings his long sword. The lieutenant hacks you! You recoil from the touch of iron! The lieutenant swings his long sword. The lieutenant hits you! You recoil from the touch of iron! The lieutenant swings his long sword. The lieutenant misses! The lieutenant swings his long sword. The lieutenant misses! The lieutenant swings his long sword. The lieutenant misses! The lieutenant swings his long sword. The lieutenant rends you! You recoil from the touch of iron! The lieutenant swings his long sword. The lieutenant gashes you! You recoil from the touch of iron! The lieutenant swings his long sword. Your mithril elven ring mail blocks the lieutenant's attack. In what direction? The magic missile hits the lieutenant! You kill the lieutenant! The magic missile hits you! Some missiles bounce off! The soldier picks up a cursed long sword. The soldier picks up a wand of speed monster. The soldier zaps himself with a wand of speed monster! The soldier is suddenly moving faster. In what direction? You kill the soldier! The magic missile hits you! Some missiles bounce off! You die... Do you want your possessions identified? [ynq] (y) Do you want to see your attributes? [ynq] (y) Do you want an account of creatures vanquished? [ynaq] (y) Do you want to see your conduct and achievements? [ynq] (y) Do you want to see the dungeon overview? [ynq] (y) Major events: Turn 1: UristMcRaven the chaotic female elven Wizard entered the dungeon 467: attained the rank of Conjurer (level 3) 1499: entered the Gnomish Mines 2163: attained the rank of Thaumaturge (level 6) 3912: reached Mine Town 4911: chose an elven dagger to be named "Sting" 14957: entered Sokoban 19586: attained the rank of Magician (level 10) 21104: completed sokoban 1 22161: completed sokoban 2 22672: completed sokoban 3 24274: completed sokoban 4 24590: acquired the Sokoban bag of holding 35315: killed by a magic missile Inventory: Inventory: 915/900 weight (27/52 slots) Weapons (')') i - a blessed +2 dart named +3 {1} T - the blessed +1 Sting (weapon in hand) {10} Armor ('[') b - an uncursed +0 cloak of magic resistance (being worn) {8} n - an uncursed +1 small shield (being worn) {23} x - an uncursed +2 fedora (being worn) {3} A - an uncursed +1 pair of leather gloves (being worn) {8} D - an uncursed +0 mithril elven ring mail (being worn) {88} F - a blessed +2 pair of low boots (being worn) {8} Comestibles ('%') H - an uncursed lizard corpse {10} Scrolls ('?') c - an uncursed scroll of teleportation {5} Wands ('/') e - an uncursed wand of fire (0:7) {7} l - an uncursed wand of locking (0:4) {7} p - an uncursed wand of undead turning (0:4) {7} I - an uncursed wand of cancellation (0:2) {7} L - an uncursed wand of sleep (0:7) {7} U - an uncursed wand of opening (0:6) {7} Rings ('=') k - an uncursed ring of fire resistance {3} W - an uncursed ring of poison resistance {3} Tools ('(') r - an uncursed skeleton key {3} v - an uncursed +0 unicorn horn {20} y - an uncursed towel {5} E - an empty uncursed sack {15} V - an uncursed bugle {10} X - a cursed oil lamp {20} Z - a blessed leather bag of holding containing 115 items {610} Gems/Stones ('*') h - an uncursed touchstone {10} M - an uncursed luckstone {10} Contents of the leather bag of holding: 5230 gold pieces 7 blessed +2 darts 11 uncursed +1 darts 19 uncursed +0 darts 7 uncursed +0 shuriken an uncursed corrodeproof +0 elven dagger an uncursed +0 dented pot an uncursed +0 copper elven helm an uncursed +0 mithril helmet a cursed -1 pair of high boots an uncursed +0 small shield an uncursed +0 mummy wrapping an uncursed slime mold 21 uncursed C-rations an uncursed cram ration 9 uncursed food rations 10 uncursed K-rations an uncursed lembas wafer 5 uncursed lumps of royal jelly an uncursed sprig of wolfsbane 4 uncursed tripe rations an uncursed lichen corpse an uncursed lizard corpse 2 uncursed lizard corpses an uncursed scroll of amnesia 2 uncursed scrolls of blank paper a cursed scroll of blank paper 2 uncursed scrolls of charging 2 uncursed scrolls of create monster a blessed scroll of destroy armor an uncursed scroll of destroy armor an uncursed scroll of earth a cursed scroll of earth a blessed scroll of enchant armor 3 uncursed scrolls of enchant armor an uncursed scroll of enchant weapon 2 uncursed scrolls of food detection a cursed scroll of food detection an uncursed scroll of gold detection a blessed scroll of identify an uncursed scroll of identify 7 uncursed scrolls of light an uncursed scroll of magic mapping an uncursed scroll of punishment 2 uncursed scrolls of teleportation 3 uncursed scrolls of water a blessed spellbook of force bolt a blessed spellbook of magic missile an uncursed wand of cold (0:5) an uncursed wand of create monster (0:15) an uncursed wand of create monster (0:13) an uncursed wand of create monster (0:11) an uncursed wand of death (0:1) an uncursed wand of digging (0:6) an uncursed wand of digging (0:5) an uncursed wand of digging (0:1) an uncursed wand of lightning (0:6) an uncursed wand of polymorph (0:4) an uncursed wand of slow monster (0:5) an uncursed wand of striking (0:8) an uncursed wand of striking (0:7) an uncursed wand of striking (0:5) an uncursed wand of striking (0:0) an uncursed wand of teleportation (0:2) an uncursed ring of aggravate monster an uncursed ring of invisibility an uncursed ring of levitation an uncursed ring of protection from shape changers an uncursed ring of see invisible 6 uncursed potions of booze a cursed potion of booze a blessed potion of confusion 3 uncursed potions of confusion an uncursed potion of extra healing a blessed potion of fruit juice 2 uncursed potions of fruit juice a cursed potion of fruit juice an uncursed potion of gain energy an uncursed potion of hallucination an uncursed potion of healing a blessed potion of invisibility 2 uncursed potions of invisibility a cursed potion of levitation a blessed potion of object detection an uncursed potion of object detection an uncursed potion of oil an uncursed potion of paralysis a blessed potion of restore ability an uncursed potion of restore ability an uncursed potion of sickness a cursed potion of sickness an uncursed potion of sleeping an uncursed potion of speed 11 potions of holy water 5 uncursed potions of water an uncursed bugle an uncursed lock pick an uncursed lock pick an uncursed +0 pick-axe an uncursed skeleton key an uncursed partly used tallow candle an uncursed tallow candle an uncursed towel an uncursed +0 unicorn horn an uncursed agate stone an uncursed amber stone an uncursed chrysoberyl stone an uncursed fluorite stone an uncursed garnet stone an uncursed jacinth stone an uncursed jade stone 2 uncursed jasper stones 2 uncursed obsidian stones an uncursed ruby an uncursed turquoise stone UristMcRaven the Wizard's attributes: Background: You were a Magician, a level 12 female elven Wizard. You were chaotic, on a mission for Anhur who was opposed by Ptah (lawful) and Thoth (neutral). You were heterosexual. You were in the Dungeons of Doom, on level 18. You entered the dungeon 35315 turns ago. It was nighttime. You had 20929 experience points, 71 more were needed to attain level 13. Basics: You had 0 out of 82 hit points. You had 159 out of 179 energy points (spell power). Your armor class was -8. Your wallet was empty. Autopickup was on for '$"=/!?+' plus thrown, with exceptions. Final Characteristics: Your strength was 18 (limit:18). Your dexterity was 12 (limit:18). Your constitution was 16 (limit:16). Your intelligence was 20 (limit:20). Your wisdom was 18 (limit:20). Your charisma was 11 (limit:18). Final Status: You were satiated. You were burdened; movement was slightly slowed. You were wielding a dagger. You had expert skill with dagger. Final Attributes: You were piously aligned. You were magic-protected. You were cold resistant. You were sleep resistant. You were poison resistant. You were telepathic. You were aware of the presence of orcs. You had infravision. You could teleport. You had a small defense bonus (+4). You were guarded. You were harmed by iron. You were extremely lucky. You had extra luck. Bad luck did not time out for you. Good luck did not time out for you. You are dead. Miscellaneous: You disabled loading of bones levels. Total elapsed playing time was 6 hours, 58 minutes and 57 seconds. Vanquished creatures: a purple worm a frost giant 6 lieutenants 2 queen bees 3 giant mimics 2 orc-captains a long worm a zruty a flesh golem 3 large mimics 2 wumpuses a couatl 5 stalkers an earth elemental a black naga 3 giant zombies 5 sergeants a warg a winter wolf 3 small mimics 2 warhorses a xan a sasquatch 2 wood golems 2 gelatinous cubes 2 large dogs a freezing sphere a shocking sphere 2 large cats 4 tigers a gargoyle 2 dwarf rulers a tengu 3 ochre jellies 3 leocrottas 2 energy vortices a stone giant an elf mummy a human mummy 2 pythons 2 pit vipers 2 cobras 3 wraiths a carnivorous ape 3 ettin zombies 3 leather golems 23 soldiers an amorous demon 3 chameleons 2 crocodiles 5 giant beetles 2 quivering blobs 4 cockatrices 5 wolves 7 winter wolf cubs a lynx 2 panthers 5 leprechauns a mountain nymph 2 iron piercers 3 giant spiders 2 scorpions 3 horses 2 ice vortices a black light 3 vampire bats an orc mummy 3 dwarf mummies an ogre 2 brown puddings 3 rust monsters 2 owlbears 2 yetis 2 gold golems 5 lizards 3 dingoes 2 dogs 2 housecats a jaguar 4 dwarf leaders 2 blue jellies 2 water nymphs 2 white unicorns 4 dust vortices 2 ravens a plains centaur 2 gnome mummies 2 snakes 2 apes a rope golem a soldier ant 3 fire ants a quasit 3 wood nymphs 3 bugbears 10 Mordor orcs 4 orc shamans 7 rock piercers a rock mole 4 ponies 5 fog clouds 4 yellow lights 3 shriekers 2 violet fungi 18 gnome leaders a gnomish wizard a gray ooze a barrow wight 2 ghouls 2 straw golems a paper golem 12 giant ants 9 floating eyes 3 kittens 22 dwarves a homunculus 4 kobold leaders 17 hill orcs 11 rothes 3 rabid rats 4 centipedes 5 giant bats a monkey an orc zombie 5 dwarf zombies 3 wererats 3 werejackals 11 iguanas 38 killer bees 3 acid blobs 3 coyotes 10 hobbits 4 manes a large kobold 7 hobgoblins 3 giant rats 5 cave spiders 8 brown molds 6 yellow molds 3 green molds 2 red molds 71 gnomes 2 gnome zombies 10 geckos 7 jackals 5 foxes 8 kobolds 9 goblins 7 sewer rats 11 grid bugs 4 bats 7 lichens a kobold zombie 9 newts 659 creatures vanquished. No species were genocided or became extinct. Voluntary challenges: You read items or engraved 41 times. You never genocided any monsters. You never polymorphed an object. You used no wishes. You never owned a pet. You were celibate. You never generated conflict. You did not violate any of the special Sokoban rules. Achievements: You attained the rank of Conjurer. You entered a shop. You entered the Gnomish Mines. You attained the rank of Thaumaturge. You entered Minetown. You entered a temple. You entered Sokoban. You attained the rank of Magician. You completed Sokoban. The Dungeons of Doom: levels 1 to 19 Level 1: Level 2: A delicatessen. Level 3: A sink. Stairs down to The Gnomish Mines. Level 4: A weapon shop. Level 5: Level 6: A fountain. Level 7: An armor shop, a fountain. Level 8: "vault tp" Level 9: Many fountains. Oracle of Delphi. Level 10: Stairs up to Sokoban, level 9. Level 11: A temple to Anhur. Portal to Fort Ludios. Level 12: An altar, some fountains. Level 13: "vault tp" A fountain. Level 14: An altar, many fountains. Level 15: A fountain. Summoned by Neferet the Green. Level 16: "vault tp" A fountain. Level 17: Many fountains. Level 18: <- You were here. A grave. Final resting place for you, killed by a magic missile. Level 19: A tree. The Gnomish Mines: levels 4 to 12 Level 4: Level 5: Level 6: Many shops, a temple, some fountains, some trees. Level 7: Level 8: Level 9: Level 10: Level 11: Level 12: Sokoban: levels 9 up to 6 Level 6: Solved. Level 7: Solved. Level 8: Solved. Level 9: Solved. Fort Ludios: Level 1: Game over: __________ / \ / REST \ / IN \ / PEACE \ / \ | UristMcRaven | | 5230 Au | | killed by a | | magic missile | | | | | | 2023 | *| * * * | * _________)/\\_//(\/(/\)/\//\/|_)_______ Goodbye UristMcRaven the Wizard... You died in The Dungeons of Doom on dungeon level 18 with 98099 points, and 5230 pieces of gold, after 35315 moves. You were level 12 with a maximum of 82 hit points when you died.